 Dungeon Crawl Stone Soup version 0.21.0-3-g78d12a8 (webtiles) character file.

721 Megalobster the Cudgeler (level 7, -4/44 HPs)
             Began as a Gargoyle Fighter on Jan 16, 2018.
             Was an Initiate of Okawaru.
             Slain by a slave (7 damage)
             ... led by Pikel
             ... on level 5 of the Dungeon.
             The game lasted 00:10:34 (3944 turns).

Megalobster the Cudgeler (Gargoyle Fighter)         Turns: 3944, Time: 00:10:34

Health: -4/44      AC: 10    Str: 29    XL:     7   Next: 71%
Magic:  0/8        EV: 10    Int:  9    God:    Okawaru [......]
Gold:   185        SH: 10    Dex:  9    Spells: 6/6 levels left

rFire    . . .     SeeInvis .   y - +2 mace (protect)
rCold    . . .     Gourm    .   c - +0 shield
rNeg     + . .     Faith    .   x - +0 leather armour of the Engineer {Str+3}
rPois    ∞         Spirit   +   n - +0 helmet
rElec    +         Reflect  .   (no cloak)
rCorr    .         Harm     .   p - +0 pair of gloves
MR       .....                  (no boots)
Stlth    +.........             m - amulet of guardian spirit
HPRegen  0.14/turn              (no ring)
MPRegen  0.11/turn              (no ring)

@: mighty
A: negative energy resistance 1, electricity resistance, unbreathing,
petrification resistance, rot immunity, AC +4
a: Renounce Religion


You were on level 5 of the Dungeon.
You worshipped Okawaru.
Okawaru was noncommittal.
You were not hungry.

You visited 2 branches of the dungeon, and saw 6 of its levels.

You collected 185 gold pieces.

Inventory:

Hand Weapons
 a - a +0 flail
 r - a cursed -2 spear
 w - a +0 morningstar
 y - a +2 mace of protection (weapon)
Missiles
 C - 5 steel tomahawks (quivered)
Armour
 b - a +0 scale mail
 c - a +0 shield (worn)
 k - a +0 pair of gloves
 n - a +0 helmet (worn)
 p - a +0 pair of gloves (worn)
 u - a +0 plate armour
 x - the +0 leather armour of the Engineer (worn) {Str+3}
   (You found it on level 4 of the Dungeon)

   It affects your strength (+3).
Jewellery
 m - an amulet of guardian spirit (around neck)
Wands
 g - a wand of acid (6)
 q - a wand of flame (27)
Scrolls
 e - a scroll of enchant armour {unknown}
 h - 7 scrolls of identify {unknown}
 i - 6 scrolls of remove curse {unknown}
 j - 2 scrolls of immolation {unknown}
 l - a scroll of teleportation {unknown}
 v - a scroll of random uselessness {unknown}
Potions
 d - 2 potions of might
 o - a potion of curing {unknown}
 s - a potion of berserk rage {unknown}
 t - a potion of cancellation {unknown}
 z - a potion of degeneration {unknown}
 A - a potion of magic {unknown}
Comestibles
 f - 11 rations
 B - 8 chunks of flesh


   Skills:
 + Level 4.9 Fighting
 * Level 5.0 Maces & Flails
 + Level 4.9 Armour
 + Level 2.3 Dodging
 + Level 4.8 Shields
 * Level 1.3 Invocations


You had 6 spell levels left.
You didn't know any spells.

Dungeon Overview and Level Annotations

Branches:
Dungeon (5/15)             Temple (1/1) D:4

Altars:
Dithmenos
Fedhas
Gozag
Kikubaaqudgha
Makhleb
Nemelex Xobeh
Okawaru
Qazlal
Ru
Trog
Uskayaw
Vehumet
Wu Jian
The Shining One

Annotations:
D:5 Pikel


Innate Abilities, Weirdness & Mutations

You are resistant to torment.
Your stone body is resilient. (AC +4)
You are immune to poison.
You resist negative energy. (rN+)
You are resistant to electric shocks. (rElec)
You can survive without breathing.
You are immune to petrification.
You are immune to rotting.


Message History

Pikel hits you with a whip of freezing.
* * * LOW HITPOINT WARNING * * *
Pikel freezes you.
* * * LOW HITPOINT WARNING * * *
You block the slave's attack.
You take 4 damage, and have 10/44 hp.
You now have 1/8 mp.
You closely miss Pikel.
Pikel is moderately wounded.
You block the slave's attack. The slave hits you but does no damage.
The slave barely misses you. You block Pikel's attack. The slave hits you.
* * * LOW HITPOINT WARNING * * *
The slave hits you but does no damage. You block the slave's attack.
The slave hits you.
* * * LOW HITPOINT WARNING * * *
You take 7 damage, and have 3/44 hp.
You now have 0/8 mp.
You barely miss Pikel.
Pikel is moderately wounded.
Pikel misses you. You block the slave's attack. The slave barely misses you.
The slave hits you!
You die...

#........)#..#####.
####..................
.............(..#.....
####.....$....(.#.....
#....?.....(..........
#..?.......(..........
.........r...(..........
>#.#....Kpp..(.#........
....#....p@.5...#...?...
..........p.........#
.###....#..........#
......###.......###
..##..###..##....#
..###..#..###..#.#####
>..##.....##...#...(.##
...............#.....##
#.........##...<.....#


You could see Pikel, 4 slaves, a crimson imp and a quokka.

Vanquished Creatures
  The ghost of Nicoed the Charmwright, an amateur GnSk (D:3)
  A centaur (D:5)
  An ogre (D:4)
  9 orc wizards
  A worker ant (D:5)
  2 adders
  7 gnolls
  An adder skeleton (D:4)
  3 worms
  The ghost of p0werm0de the Stinger, a weakling DrVM (D:4)
  A dart slug (D:2)
  4 leopard geckos
  17 orcs
  4 giant cockroaches
  7 goblins
  7 hobgoblins
  7 jackals
  4 quokkas
  A ball python (D:1)
  6 bats
  5 frilled lizards
  5 kobolds
  8 rats
103 creatures vanquished.

Vanquished Creatures (others)
  A human (D:3)
1 creature vanquished.

Grand Total: 104 creatures vanquished

Notes
Turn   | Place    | Note
-------+----------+-------------------------------------------
     0 | D:1      | Megalobster the Gargoyle Fighter began the quest for the Orb.
     0 | D:1      | Reached XP level 1. HP: 14/14 MP: 1/1
    41 | D:1      | Reached XP level 2. HP: 17/19 MP: 2/2
   394 | D:1      | Reached XP level 3. HP: 21/23 MP: 3/3
   805 | D:2      | Reached XP level 4. HP: 26/29 MP: 4/4
   876 | D:2      | Reached skill level 1 in Dodging
   905 | D:2      | Reached skill level 3 in Maces & Flails
  1608 | D:3      | Found an ornate altar of the Wu Jian Council.
  1683 | D:3      | Reached XP level 5. HP: 5/33 MP: 0/5
  2246 | D:3      | Noticed Nicoed's ghost (amateur GnSk)
  2260 | D:3      | Killed Nicoed's ghost
  2260 | D:3      | Reached XP level 6. HP: 32/39 MP: 4/6
  2281 | D:3      | Reached skill level 4 in Maces & Flails
  2549 | D:3      | Found an ancient bone altar of Kikubaaqudgha.
  2549 | D:3      | Noticed a human
  2554 | D:3      | Killed a human
  2830 | D:4      | Found a radiant altar of Vehumet.
  2909 | D:4      | Reached XP level 7. HP: 29/44 MP: 3/7
  2972 | D:4      | Found a stormy altar of Qazlal.
  2972 | D:4      | Found a burning altar of Makhleb.
  2977 | D:4      | Found a faded altar of an unknown god.
  2979 | D:4      | Found a sparkling altar of Nemelex Xobeh.
  2981 | D:4      | Found a faded altar of an unknown god.
  3184 | D:4      | Noticed p0werm0de's ghost (weakling DrVM)
  3192 | D:4      | Killed p0werm0de's ghost
  3217 | D:4      | Got a dazzling leather armour
  3228 | D:4      | Identified the +0 leather armour of the Engineer {Str+3} (You found it on level 4 of the Dungeon)
  3642 | D:4      | Found a staircase to the Ecumenical Temple.
  3651 | Temple   | Entered the Ecumenical Temple
  3722 | Temple   | Became a worshipper of Warmaster Okawaru
  3776 | D:5      | Entered Level 5 of the Dungeon
  3785 | D:5      | Found a shadowy altar of Dithmenos.
  3874 | D:5      | Reached skill level 5 in Maces & Flails
  3874 | D:5      | Reached skill level 1 in Invocations
  3924 | D:5      | Noticed Pikel
  3944 | D:5      | Slain by a slave

Skill      XL: |  1  2  3  4  5  6  7 |
---------------+----------------------+-----
Dodging        | 1 2 |  2.3
Maces & Flails | 3 4 5 |  5.0
Fighting       | 4 |  4.9
Armour         | 4 |  4.9
Shields        | 4 |  4.8
Invocations    | 1 |  1.3

Action                   |  1- 3 |  4- 6 |  7- 9 || total
-------------------------+-------+-------+-------++-------
Melee: Flail             |   177 |   223 |    33 ||   433
       Morningstar       |       |       |    47 ||    47
       Mace              |       |       |    18 ||    18
  Use: Potion            |       |     3 |     1 ||     4
  Eat: Chunk             |       |     7 |     4 ||    11
Armor: Scale mail        |   118 |   150 |    24 ||   292
       Skin              |       |    29 |       ||    29
       Leather armour    |       |       |    37 ||    37
       Plate armour      |       |       |     4 ||     4
Dodge: Dodged            |    79 |    60 |    75 ||   214
Block: Shield            |   122 |   138 |   108 ||   368
